 Dungeon Crawl Stone Soup version 0.24-a0-246-gb963c9a (webtiles) character file.

Game seed: 5607223494181321541

11 MatthieuS the Skirmisher (level 2, 0/26 HPs)
             Began as a Hill Orc Wanderer on Apr 12, 2019.
             Slain by a jackal (2 damage)
             ... on level 1 of the Dungeon.
             The game lasted 00:01:53 (236 turns).

MatthieuS the Skirmisher (Hill Orc Wanderer)         Turns: 236, Time: 00:01:53

Health: 0/26       AC:  5    Str: 16    XL:     2   Next: 25%
Magic:  3/3        EV: 10    Int: 11    God:
Gold:   16         SH:  0    Dex:  9    Spells: 2/3 levels left

rFire    . . .     SeeInvis .   (no weapon)
rCold    . . .     Gourm    .   (no shield)
rNeg     . . .     Faith    .   c - +0 ring mail
rPois    .         Spirit   .   (no helmet)
rElec    .         Reflect  .   (no cloak)
rCorr    .         Harm     .   (no gloves)
MR       .....                  (no boots)
Stlth    +.........             (no amulet)
HPRegen  0.08/turn              (no ring)
MPRegen  0.08/turn              (no ring)

@: no status effects
A: no striking features
a: no special abilities


You were on level 1 of the Dungeon.
You were not hungry.

You visited 1 branch of the dungeon, and saw 1 of its levels.

You collected 16 gold pieces.

Inventory:

Hand Weapons
 a - a +2 blowgun
Missiles
 b - 2 curare-tipped needles {!f}
Armour
 c - a +0 ring mail (worn)
Comestibles
 d - 8 chunks of flesh
 e - a ration


   Skills:
 + Level 3.5 Fighting
   Level 1.3 Axes
 - Level 1.0 Throwing
 - Level 2.1 Armour
 - Level 1.0 Stealth
 - Level 1.0 Spellcasting
   Level 1.0 Conjurations
   Level 1.0 Charms


You had 2 spell levels left.
You knew the following spells:

 Your Spells              Type           Power        Failure   Level  Hunger
a - Summon Butterflies    Summ           #.......     52%         1    ##.....

Your spell library contained the following spells:

 Spells                   Type           Power        Failure   Level  Hunger
 Summon Guardian Golem    Hex/Summ       #.......     87%         3    ####...


Dungeon Overview and Level Annotations

Branches:
Dungeon (1/15)

Altars:


Message History

You hit the jackal but do no damage. The jackal misses you.
The jackal barely misses you.
Unknown command.
You closely miss the jackal.
The jackal bites you but does no damage.
Unknown command.
You closely miss the jackal. The jackal closely misses you.
Unknown command.
You closely miss the jackal. The jackal misses you. The jackal bites you.
* * * LOW HITPOINT WARNING * * *
You hit the jackal but do no damage. The jackal bites you.
* * * LOW HITPOINT WARNING * * *
You completely miss the jackal. The jackal barely misses you.
The jackal closely misses you.
Unknown command.
You hit the jackal but do no damage.
The jackal bites you but does no damage.
Unknown command.
You closely miss the jackal. The jackal bites you.
* * * LOW HITPOINT WARNING * * *
You closely miss the jackal. The jackal closely misses you.
The jackal bites you.
* * * LOW HITPOINT WARNING * * *
You hit the jackal. The jackal barely misses you.
Unknown command.
You barely miss the jackal. The jackal barely misses you.
The jackal bites you but does no damage.
You aren't carrying any potions.
You aren't carrying any scrolls.
Unknown command.
You hit the jackal. The jackal bites you.
* * * LOW HITPOINT WARNING * * *
You hit the jackal. The jackal barely misses you.
You closely miss the jackal.
The jackal bites you but does no damage.
The jackal closely misses you.
You completely miss the jackal. The jackal bites you.
* * * LOW HITPOINT WARNING * * *
You hit the jackal but do no damage. The jackal misses you.
The jackal barely misses you.
Your ring mail prevents you from hitting the jackal.
The jackal closely misses you.
There is an open door here.
You hit the jackal.
You kill the jackal!
The jackal bites you but does no damage.
The jackal bites you but does no damage.
There is an open door here.
The jackal bites you.
You die...

...... ..♣... #######.#.#
.8.... ... ..#.#.#
......#.##.# #.....#
......#.##.# #.....# #.#
........##.# #..... #.#
........##.# ..... #.#
##...##.##÷# #.#.# #.#
#..###.##.# #.#@# #.# #..#
#.##.###.#h## #.#
#..###.##....)÷..## #.#
#......######.....## ##.#
##)##.## ##.......## ##..#
###.#...####.........####...##
...........'.........'†......#
###.#...####.........####...##
#.##.## ##.......###.....#


You could see a jackal.

Vanquished Creatures
  A leopard gecko (D:1)
  A giant cockroach (D:1)
  A hobgoblin (D:1)
  A jackal (D:1)
  A bat (D:1)
  A frilled lizard (D:1)
  2 goblins (D:1)
  A kobold (D:1)
  A rat (D:1)
10 creatures vanquished.

Notes
Turn   | Place    | Note
-------+----------+-------------------------------------------
     0 | D:1      | MatthieuS the Hill Orc Wanderer began the quest for the
                  | Orb.
     0 | D:1      | MatthieuS set off with the following items: a +2 blowgun, 2
                  | curare-tipped needles {!f}, a +0 ring mail, a ration; and
                  | the following spell memorised: Summon Butterflies; and the
                  | following spells available to memorise: Summon Guardian
                  | Golem
     0 | D:1      | Reached XP level 1. HP: 18/18 MP: 2/2
    57 | D:1      | Reached skill level 3 in Fighting
   106 | D:1      | Reached XP level 2. HP: 23/26 MP: 3/3
   226 | D:1      | HP: 1/26 [jackal (2)]
   236 | D:1      | Slain by a jackal

Levels and vault maps discovered:
D:1:      wander_arrival_lonely_grave, layout_loops_corners

Skill      XL: |  1 |
---------------+----+-----
Fighting       | 3 |  3.5
Axes           | |  1.3
Throwing       | |  1.0
Armour         | |  2.1
Stealth        | |  1.0
Spellcasting   | |  1.0
Conjurations   | |  1.0
Charms         | |  1.0

Action                   || total
-------------------------++-------
Melee: Unarmed           ||   106
 Fire: Blowgun           ||     2
Armor: Ring mail         ||    55
Dodge: Dodged            ||    73

Table legend:
 A = Non-vault XP
 B = Vault XP
 C = Vault XP percentage of total XP
 D = Non-vault monster count
 E = Vault monster count
 F = Vault count percentage of total count
                 A         B        C        D         E       F
            +---------+---------+-------+---------+---------+-------
      Total |      16 |       0 |   0.0 |      10 |       0 |   0.0
            +---------+---------+-------+---------+---------+-------
        D:1 |      16 |       0 |   0.0 |      10 |       0 |   0.0
            +---------+---------+-------+---------+---------+-------
